AoeStats
← perromelocoton

Arena

505012371Analyzed
1v1 RM · 24d ago on Sep 7, 2026· 42m 48s· 2 players
Game mode
Random Map
Map size
Tiny (2 player)
Population
200
Speed
Normal
Resources
Standard
Victory
Conquest
Starting age
Dark Age
Ending age
Imperial Age
RankedLock teamsTeams togetherTeam positionsShared explorationLock speedFull tech treeHidden civsTurbo modeCheats
Victory
Defeat
🇩🇪 Khmer · Germany
886
+15
🇪🇸 Burgundians · Spain
865
-15
perromelocoton
2:57 Double-Bit Axe
3:07 Loom
6:38 Wheelbarrow
10:40 Feudal Age
10:04 Horse Collar
11:38 Bow Saw
12:22 Hand Cart
12:38 Heavy Plow
20:09 Castle Age
18:49 Gold Mining
18:54 Stone Mining
20:25 Gold Shaft Mining
20:05 Scale Barding Armor
22:05 Two-Man Saw
22:40 Crop Rotation
23:26 Fervor
25:08 Forging
25:28 Husbandry
27:51 Sanctity
28:28 Cavalier
29:08 Town Watch
32:01 Imperial Age
30:12 Stone Shaft Mining
30:23 Iron Casting
30:42 Chain Barding Armor
31:10 Masonry
31:22 Burgundian Vineyards
33:51 Chemistry
32:46 Fletching
32:56 Padded Archer Armor
33:46 Paladin
35:37 Plate Barding Armor
35:47 Bodkin Arrow
38:01 Architecture
38:30 Conscription
39:25 Blast Furnace
38:41 Leather Archer Armor
CodeOfConduct
10:52 Feudal Age
14:04 Castle Age
12:23 Double-Bit Axe
12:47 Horse Collar
16:21 Bow Saw
23:28 Wheelbarrow
24:24 Loom
24:55 Hand Cart
25:44 Heavy Plow
26:15 Husbandry
26:26 Bloodlines
29:48 Imperial Age
27:58 Scale Barding Armor
28:03 Forging
28:16 Gold Mining
29:17 Town Watch
30:04 Elite Battle Elephant
31:30 Chain Barding Armor
31:45 Iron Casting
32:00 Crop Rotation
32:36 Devotion
33:52 Gold Shaft Mining
33:54 Tusk Swords
34:16 Conscription
33:58 Stone Mining
34:11 Town Patrol
33:41 Heavy Scorpion
36:19 Ballistics
37:00 Chemistry
37:11 Plate Barding Armor
39:19 Double Crossbow
41:34 Faith
43:04 Blast Furnace
41:55 Fletching
42:23 Light Cavalry
Connection lost

Rejoining the realm…

Still unreachable

The connection could not be restored.

Session expired

The server has moved on; the page needs a fresh start.